 Dungeon Crawl Stone Soup version 0.27.1-1-g398f81649c (webtiles) character file.

Game seed: 5366739864834874377

1 chaosape the Magician (level 1, -1/17 HPs)
             Began as a Gnoll Wanderer on Sept 7, 2021.
             Slain by a quokka (3 damage)
             ... on level 1 of the Dungeon.
             The game lasted 00:00:25 (40 turns).

chaosape the Magician (Gnoll Wanderer)                Turns: 40, Time: 00:00:25

Health: -1/17      AC:  2    Str: 14    XL:     1   Next: 20%
Magic:  8/8        EV: 11    Int:  8    God:
Gold:   0          SH:  0    Dex: 11    Spells: 13/14 levels left

rFire    . . .     SeeInvis .   a - +2 dagger
rCold    . . .     Faith    .   (no shield)
rNeg     . . .     Spirit   .   d - +0 robe
rPois    .         Reflect  .   (no helmet)
rElec    .         Harm     .   (no cloak)
rCorr    .         Rampage  .   (no gloves)
Will     .....                  (no boots)
Stlth    ++........             (no amulet)
HPRegen  0.05/turn              (no ring)
MPRegen  0.11/turn              (no ring)

@: no status effects
A: fangs 1, strong nose, distributed training
a: no special abilities


You were on level 1 of the Dungeon.
You visited 1 branch of the dungeon, and saw 1 of its levels.

Inventory:

Hand Weapons
 a - a +2 dagger (weapon)
Armour
 d - a +0 robe (worn)
Scrolls
 b - a scroll of blinking
 c - a scroll of teleportation


   Skills:
 + Level 2.3 Fighting
 + Level 0.0 Short Blades
 + Level 0.0 Long Blades
 + Level 0.0 Axes
 + Level 0.0 Maces & Flails
 + Level 0.0 Polearms
 + Level 0.0 Staves
 + Level 0.0 Slings
 + Level 0.0 Bows
 + Level 0.0 Crossbows
 + Level 0.0 Throwing
 + Level 0.0 Armour
 + Level 0.0 Dodging
 + Level 2.1 Stealth
 + Level 0.0 Shields
 + Level 4.4 Unarmed Combat
 + Level 7.0 Spellcasting
 + Level 0.0 Conjurations
 + Level 0.0 Hexes
 + Level 0.0 Summonings
 + Level 3.6 Necromancy
 + Level 0.0 Translocations
 + Level 0.0 Transmutations
 + Level 0.0 Fire Magic
 + Level 0.0 Ice Magic
 + Level 0.0 Air Magic
 + Level 0.0 Earth Magic
 + Level 0.0 Poison Magic
 + Level 0.0 Invocations
 + Level 2.3 Evocations


You had 13 spell levels left.
You knew the following spells:

 Your Spells              Type           Power      Damage    Failure   Level
a - Magic Dart            Conj           8%         1d3       22%         1

Your spell library contained the following spells:

 Spells                   Type           Power      Damage    Failure   Level
 Dazzling Flash           Conj/Hex       4%         N/A       54%         3


Dungeon Overview and Level Annotations

Branches:
Dungeon (1/15)

Altars:


Innate Abilities, Weirdness & Mutations

You have very sharp teeth.
Your uncanny sense of smell can sniff out nearby items.
Your experience applies equally to all skills.


Message History

A kobold is nearby!
The kobold shouts!
You hear an angry hiss.
A quokka comes into view.
Found a scroll of teleportation and a dagger.
A frilled lizard comes into view.
A hobgoblin comes into view.
The kobold hits you with a +0 whip.
The hobgoblin shouts!
You hit the kobold but do no damage. The kobold misses you.
You closely miss the kobold. The kobold barely misses you.
You hit the kobold.
You kill the kobold!
You closely miss the quokka.
The quokka bites you but does no damage.
You hit the quokka but do no damage. The quokka barely misses you.
You hit the quokka.
The quokka is moderately wounded.
The quokka bites you.
You closely miss the quokka.
The quokka is moderately wounded.
The quokka barely misses you. The frilled lizard closely misses you.
The quokka bites you.
You are too injured to fight recklessly!
You are too injured to fight recklessly!
You are too injured to fight recklessly!
You are too injured to fight recklessly!
You are too injured to fight recklessly!
You are too injured to fight recklessly!
You are too injured to fight recklessly!
The frilled lizard bites you.
You miss the frilled lizard. Your bite misses the frilled lizard.
The frilled lizard bites you.
* * * LOW HITPOINT WARNING * * *
The quokka bites you.
* * * LOW HITPOINT WARNING * * *
The frilled lizard misses you.
You closely miss the quokka.
The quokka is lightly wounded.
The frilled lizard closely misses you. The quokka bites you.
You die...

#########################
..#...##..#...##...)....
##..##.##...#.#..#....# .
..#..#.#.....#..?#.#.#...
####.##..#..##..@r......?
# ..#.#..#......#l.##....
#.# .##.#)#..##.g.# # .#
#.#..#...#..#)...# ##
.##......##.....#
#..##.........#
#...#..#..##....# #
#..#...#...........
.#.$... .#.........


You could see a quokka, a hobgoblin and a frilled lizard.

Vanquished Creatures
  2 kobolds (D:1)
2 creatures vanquished.

Notes
Turn   | Place    | Note
-------+----------+-------------------------------------------
     0 | D:1      | chaosape the Gnoll Wanderer began the quest for the Orb.
     0 | D:1      | chaosape set off with the following items: a +2 dagger, a
                  | scroll of blinking, a scroll of teleportation, a +0 robe;
                  | and the following spell memorised: Magic Dart; and the
                  | following spells available to memorise: Dazzling Flash
     0 | D:1      | Reached XP level 1. HP: 17/17 MP: 8/8
    40 | D:1      | Slain by a quokka

Illustrated notes

Levels and vault maps discovered:
D:1:      erik_arrival_cave_to_civilisation [erik_arrival_cave_to_hall],
          layout_basic, dreamdust_ecumenical_altar_angels_and_demons,
          chequers_serial_rivers_marsh

Action                   || total
-------------------------++-------
Melee: Dagger            ||    10
 Stab: Sleeping          ||     1
Armor: Robe              ||     1
Dodge: Dodged            ||     7
